 Dungeon Crawl Stone Soup version 0.28-a0-1624-g820543e53a (webtiles) character file.

Game seed: 9479579542232843612

168 HallandMoats the Vandal (level 5, -4/46 HPs)
             Began as a Ghoul Hunter on Jan 24, 2022.
             Slain by a wyvern (14 damage)
             ... on level 2 of the Dungeon.
             The game lasted 00:02:44 (2681 turns).

HallandMoats the Vandal (Ghoul Hunter)              Turns: 2681, Time: 00:02:45

Health: -4/46      AC:  8    Str: 16    XL:     5   Next: 48%
Magic:  4/4        EV:  7    Int:  6    God:
Gold:   104        SH:  0    Dex: 11    Spells: 4/4 levels left

rFire   . . .      SeeInvis .   a - +1 hunting sling
rCold   + . .      Faith    .   (no shield)
rNeg    + + +      Spirit   .   o - +0 chain mail
rPois   ∞          Reflect  .   (no helmet)
rElec   .          Harm     .   (no cloak)
rCorr   .          Rampage  .   (no gloves)
Will    .....                   (no boots)
Stlth   ..........              (no amulet)
HPRegen 0.00/turn               (no ring)
MPRegen 0.09/turn               (no ring)

@: inhibited regen
A: claws 1, cold resistance 1, negative energy resistance 3, inhibited
regeneration, torment resistance 2
a: no special abilities


You were on level 2 of the Dungeon.
You visited 1 branch of the dungeon, and saw 4 of its levels.

You collected 104 gold pieces.

Inventory:

Hand Weapons
 a - a +1 hunting sling (weapon)
 b - a +0 short sword
Missiles
 d - 30 sling bullets (quivered ammo)
 e - 91 stones
 g - a throwing net
Armour
 o - a +0 chain mail (worn)
Scrolls
 j - a scroll of fear
 m - a scroll of teleportation
Potions
 i - a potion of flight {unknown}
 k - a potion of berserk rage {unknown}
 l - a potion of resistance {unknown}
 n - a potion of invisibility {unknown}


   Skills:
 * Level 3.8 Fighting
 * Level 4.5 Slings
 + Level 1.6 Armour
 + Level 2.5 Dodging
 - Level 1.1 Stealth


You had 4 spell levels left.
You didn't know any spells.
Your spell library was empty.

Dungeon Overview and Level Annotations

Branches:
Dungeon (4/15)
 Temple: D:4-7

Altars:

Annotations:
D:3 3 runed translucent doors, a3don's ghost, amateur KoAM


Innate Abilities, Weirdness & Mutations

You thrive by killing the living.
You are immune to poison.
You have sharp fingernails.
Your flesh is cold resistant. (rC+)
You are immune to negative energy. (rN+++)
You do not regenerate when monsters are visible.
You are immune to unholy pain and torment.


Message History

There is a stone staircase leading down here.
You climb downwards.
The scorpion stings you.
The endoplasm hits you but does no damage.
There is a stone staircase leading up here.
Unknown command.
The wyvern barely misses you.
The scorpion stings you but does no damage.
The endoplasm hits you but does no damage.
The wyvern bites you!
The ufetubus hits you. x2; The scorpion stings you.
You climb upwards.
Level annotation: 3 runed translucent doors, a3don's ghost, amateur KoAM
There is a stone staircase leading down here.
The endoplasm freezes you.
You are frozen.
You resist.
The endoplasm hits you but does no damage.
The wyvern barely misses you. The wyvern barely misses you.
The wyvern bites you but does no damage.
The wyvern bites you!
* * * LOW HITPOINT WARNING * * *
The wyvern barely misses you.
It was a potion of heal wounds.
You feel much better.
The wyvern bites you but does no damage.
The wyvern bites you but does no damage.
The wyvern bites you!
There is an escape hatch in the ceiling here.
The wyvern bites you!
* * * LOW HITPOINT WARNING * * *
A mysterious force pulls you upwards. The hatch slams shut behind you.
The wyvern bites you but does no damage.
You feel much better. The wyvern bites you!
The wyvern bites you but does no damage.
The wyvern bites you but does no damage.
The wyvern bites you but does no damage.
The wyvern bites you.
* * * LOW HITPOINT WARNING * * *
Really walk into that dispersal trap?
You enter a dispersal trap!
The wyvern blinks!
You blink.
The wyvern bites you!
You die...

#.......#.#.# #.#
#####.>.#.#.....# #.####
#...........#.#.# #....#
#........)#.....# ####.#
#.....#.#.....#.#########.#
#.........###).....##.....#
#.......#...#.#.#.....#####
#...#.#...§.#.....###.#
#.......#.#.§..@#.###.#
#.....#...[.#.#.l.....#
#.........#.....#.#.###
#.............#.....#
#.................#.#
#............+......#
#............###...##
############## #####


You could see a wyvern.

Vanquished Creatures
  A jelly (D:3)
  An orc priest (D:3)
  An orc wizard (D:3)
  An adder (D:3)
  A worm (D:2)
  2 dart slugs (D:2)
  An orc (D:3)
  4 bats
  10 endoplasms
  2 giant cockroaches
  4 goblins (D:2)
  9 hobgoblins
  3 jackals (D:2)
  3 quokkas
  A ball python (D:2)
  7 frilled lizards
  6 kobolds
  8 rats
65 creatures vanquished.

Notes
Turn   | Place    | Note
-------+----------+-------------------------------------------
     0 | D:1      | HallandMoats the Ghoul Hunter began the quest for the Orb.
     0 | D:1      | Reached XP level 1. HP: 17/17 MP: 0/0
     6 | D:1      | Noticed a lindwurm
     6 | D:1      | Noticed a rime drake
     7 | D:1      | Noticed a wolf
     7 | D:1      | Noticed a polar bear
    69 | D:1      | Reached XP level 2. HP: 25/25 MP: 1/1
   591 | D:1      | Reached XP level 3. HP: 30/30 MP: 2/2
   903 | D:2      | Reached skill level 1 in Armour
   918 | D:2      | Reached skill level 4 in Slings
  1200 | D:2      | Reached XP level 4. HP: 38/38 MP: 3/3
  1566 | D:3      | Reached XP level 5. HP: 12/45 MP: 4/4
  2165 | D:3      | Found a runed translucent gate.
  2165 | D:3      | Found a runed translucent gate.
  2165 | D:3      | Found a runed translucent gate.
  2545 | D:3      | Noticed a3don's ghost (amateur KoAM)
  2599 | D:4      | Noticed a wyvern
  2681 | D:2      | Slain by a wyvern

Illustrated notes

Levels and vault maps discovered:
D:1:      onia_arrival_zoo_common, layout_basic
D:2:      layout_basic, hangedman_decor_points, minmay_pentomino_pile
D:3:      layout_basic, gammafunk_ghost_necromancy
D:4:      layout_basic, grunt_decor_arrowhead, lightli_minifort

Skill      XL: |  1  2  3 |
---------------+----------+-----
Dodging        | 2 |  2.5
Armour         | 1 |  1.6
Slings         | 4 |  4.5
Fighting       | 3 |  3.8
Stealth        | |  1.1

Action                   |  1- 3 |  4- 6 || total
-------------------------+-------+-------++-------
 Fire: Hunting sling     |   123 |    58 ||   181
  Use: Scroll            |       |     2 ||     2
       Potion            |       |     2 ||     2
Armor: Leather armour    |    14 |     1 ||    15
       Chain mail        |       |    11 ||    11
Dodge: Dodged            |    36 |     8 ||    44

Table legend: (Time is in decaauts)
 A = Elapsed time spent in this place.
 B = Non-inter-level travel time spent in this place.
 C = Inter-level travel time spent in this place.
 D = Time resting spent in this place.
 E = Time spent auto-exploring this place.
 F = Levels seen in this place.
 G = Mean time per level.
                   A        B        C        D        E       F      G
               +--------+--------+--------+--------+--------+-----+--------+
         Total |   2682 |   2599 |     83 |      0 |   2227 |   4 |  670.5 |
       Dungeon |   2682 |   2599 |     83 |      0 |   2227 |   4 |  670.5 |
               +--------+--------+--------+--------+--------+-----+--------+

Top non-repeatable levels by time:
     D:3: 1166 daAuts
     D:1: 832 daAuts
     D:2: 679 daAuts
     D:4: 4 daAuts
